AoeStats
← kV0t3

African Clearing

505161405Analyzed
3v3 RM · 24d ago on Sep 8, 2026· 40m 25s· 6 players
Game mode
Random Map
Map size
Normal (6 player)
Population
200
Speed
Normal
Resources
Standard
Victory
Conquest
Starting age
Dark Age
Ending age
Imperial Age
RankedLock teamsTeams togetherTeam positionsShared explorationLock speedFull tech treeHidden civsTurbo modeCheats
Victory
Defeat
🇦🇷 Koreans · Argentina
1387
+14
🇦🇷 Britons · Argentina
1377
+15
🇦🇷 Bohemians · Argentina
1341
+16
🇨🇴 Spanish · Colombia
1419
-17
🇨🇴 Sicilians · Colombia
1321
-14
🇨🇴 Romans · Colombia
1316
-14
PowerRanger
12:36 Feudal Age
11:11 Loom
13:19 Double-Bit Axe
18:36 Castle Age
17:03 Forging
16:47 Gold Mining
17:23 Horse Collar
19:05 Bloodlines
23:59 Husbandry
33:24 Scale Barding Armor
33:59 Wheelbarrow
35:42 Fletching
38:54 Imperial Age
36:55 Chain Barding Armor
38:35 Hand Cart
39:07 Iron Casting
38:40 Bodkin Arrow
39:08 Stone Mining
40:18 Plate Barding Armor
39:10 Cavalier
40:41 Bracer
Nauta
6:41 Loom
13:34 Feudal Age
17:38 Castle Age
21:01 Double-Bit Axe
25:17 Bloodlines
29:43 Scale Barding Armor
30:13 Forging
34:01 Chain Barding Armor
40:01 Imperial Age
37:59 Stone Mining
38:32 Horse Collar
39:04 Bow Saw
40:13 Husbandry
40:49 Iron Casting
40:16 Cavalier
HB | EstebanAOE
3:14 Loom
12:17 Feudal Age
15:03 Double-Bit Axe
37:26 Castle Age
kV0t3
3:58 Loom
4:21 Loom
11:59 Feudal Age
12:52 Double-Bit Axe
22:37 Castle Age
21:30 Scale Barding Armor
22:09 Forging
21:49 Horse Collar
23:30 Scale Mail Armor
23:57 Chain Barding Armor
25:05 Bow Saw
24:55 Heavy Plow
27:33 Wheelbarrow
30:21 Iron Casting
37:09 Imperial Age
34:55 Hand Cart
35:43 Pikeman
36:23 Squires
36:25 Scale Mail Armor
37:50 Guard Tower
39:01 Chemistry
37:25 Cavalier
38:24 Town Watch
41:27 Blast Furnace
ZIZOU
11:16 Loom
13:01 Feudal Age
17:04 Castle Age
15:31 Fletching
15:29 Double-Bit Axe
30:23 Wheelbarrow
32:24 Bodkin Arrow
33:08 Bow Saw
38:27 Imperial Age
37:55 Scale Mail Armor
38:32 Horse Collar
39:04 Husbandry
39:42 Ballistics
[@LLNET]ZADBACK
8:48 Loom
11:19 Feudal Age
11:24 Man-at-Arms
12:30 Double-Bit Axe
12:30 Horse Collar
13:00 Arson
13:08 Town Watch
22:50 Wheelbarrow
25:29 Forging
31:36 Castle Age
29:54 Scale Mail Armor
31:47 Gold Mining
31:43 Pikeman
32:29 Squires
33:14 Bow Saw
36:27 Iron Casting
38:48 Fletching
38:58 Padded Archer Armor
Connection lost

Rejoining the realm…

Still unreachable

The connection could not be restored.

Session expired

The server has moved on; the page needs a fresh start.